 Dungeon Crawl Stone Soup version 0.29-a0-845-g6161e89988 (webtiles) character file.

Game seed: 5810351277946196351

9 wakim the Insei (level 2, -2/18 HPs)
             Began as an Octopode Transmuter on July 15, 2022.
             Splashed by a jelly's acid (7 damage)
             ... on level 2 of the Dungeon.
             The game lasted 00:01:41 (162 turns).

wakim the Insei (Octopode Transmuter)                Turns: 162, Time: 00:01:41

Health: -2/18      AC: -3    Str:  9    XL:     2   Next: 12%
Magic:  4/5        EV: 13    Int: 15    God:
Gold:   27         SH:  0    Dex: 12    Spells: 4/5 levels left

rFire   . . .      SeeInvis .     - Unarmed
rCold   . . .      Faith    .   (no shield)
rNeg    . . .      Spirit   .   (helmet currently unavailable)
rPois   .          Reflect  .   (no amulet)
rElec   .          Harm     .   (no ring)
rCorr   .          Rampage  .   (no ring)
Will    .....                   (no ring)
Stlth   +++.......              (no ring)
HPRegen 0.06/turn               (no ring)
MPRegen 0.09/turn               (no ring)
                                (no ring)
                                (no ring)

@: appendages (expiring), corroded
A: tentacle spike 3, almost no armour, amphibious, 8 rings, camouflage 1,
gelatinous body 1, (nimble swimmer 1), tentacles
a: End Transformation


You were on level 2 of the Dungeon.
One of your tentacles had grown a beastly spike.
You visited 1 branch of the dungeon, and saw 2 of its levels.

You collected 27 gold pieces.

Inventory:

Scrolls
 M - a scroll of identify {unknown}
Potions
 L - a potion of lignification {!q}
 N - a potion of brilliance {unknown}


   Skills:
 - Level 1.0 Fighting
 - Level 2.0 Dodging
 * Level 1.7 Stealth
 * Level 3.3 Unarmed Combat
 - Level 2.0 Spellcasting
 - Level 2.0 Transmutations


You had 4 spell levels left.
You knew the following spells:

 Your Spells              Type           Power      Damage    Failure   Level
a - Beastly Appendage     Tmut           14%        N/A       10%         1

Your spell library contained the following spells:

 Spells                   Type           Power      Damage    Failure   Level
 Wereblood                Tmut           7%         N/A       14%         2
 Spider Form              Tmut/Pois      4%         N/A       41%         3
 Ice Form                 Ice/Tmut       4%         N/A       82%         4


Dungeon Overview and Level Annotations

Branches:
Dungeon (2/15) Zot: 11838

Altars:


Innate Abilities, Weirdness & Mutations

One of your tentacles has grown a beastly spike.
You cannot wear most types of armour.
You are amphibious.
You can wear up to eight rings at the same time.
Your skin changes colour to match your surroundings (Stealth+).
Your rubbery body absorbs attacks. (AC +1, EV +1)
((You are camouflaged when in or above water. (Stealth+)))
You have tentacles for arms and can constrict up to eight enemies at once.


Message History

2. +0 dagger - 1.5 / 1.5 dmg, on D:1
Enter note: !bestwep
Okay, then.
You extend your transformation's duration.
Your transformation is almost over.
The helpless goblin fails to defend itself.
You tentacle-slap the goblin. You grab the goblin.
You pierce the goblin.
You kill the goblin!
Things that are here:
a +0 club; a goblin corpse Your tentacle spike disappears.
Magic restored.
A sourceless malevolence fills the Dungeon...
You fall into a shaft and drop 1 floor!
The shaft crumbles and collapses.
N - a bubbling yellow potion You now have 27 gold pieces.
As you open the door, it creaks loudly!
A jelly comes into view.
A jelly is nearby!
One of your tentacles grows a vicious spike.
Your transformation is almost over.
The helpless jelly fails to defend itself.
You tentacle-slap the jelly. The acid corrodes you!
Your tentacles burn!
You pierce the jelly.
Your squeeze misses the jelly.
The jelly is moderately wounded. 13/18 (-5)
You tentacle-slap the jelly but do no damage.
Your tentacles burn!
* * * LOW HITPOINT WARNING * * *
Your tentacle spike misses the jelly.
The jelly is moderately wounded.
The jelly barely misses you. 8/18 (-5)
You tentacle-slap the jelly.
Your tentacles burn!
* * * LOW HITPOINT WARNING * * *
The jelly is heavily wounded.
The jelly hits you.
* * * LOW HITPOINT WARNING * * *
You are splashed with acid!
You die...

...... ##+## ........
....# .......
....###.......
............<
####.####.#######
#........#.....#
#........#.###.######
#........#.###.@J...#
#............######.#
###'##.#.....#
#.##.......#
#.####.....# #.#
#......# ..###......#
..#...###### ..#...#


You could see a jelly.

Vanquished Creatures
  A dart slug (D:1)
  A goblin (D:1)
  3 hobgoblins (D:1)
  A rat (D:1)
6 creatures vanquished.

Notes
Turn   | Place    | Note
-------+----------+-------------------------------------------
     0 | D:1      | wakim the Octopode Transmuter began the quest for the Orb.
     0 | D:1      | Reached XP level 1. HP: 13/13 MP: 3/3
    44 | D:1      | Reached skill level 1 in Stealth
    80 | D:1      | Reached XP level 2. HP: 18/18 MP: 3/5
    94 | D:1      | !bestwep
   116 | D:1      | You fall into a shaft and drop 1 floor!
   162 | D:2      | Splashed by a jelly's acid

Illustrated notes

#...........
#...........
#..........#
###'####...#
#.# #...#
#######+##
#.# #...#
#........#
#.# #...#
##........##
#.# #####
.......@...#
#.#
#..........##
#.# #
#g..######..#
#.# # ###
##.###'### ##
#.##....# #≈
#..#....###
#§
##.#......#
#≈
####.#......#
#≈
#....'......#
§


Turn 94 on D:1: !bestwep

Levels and vault maps discovered:
D:1:      lightli_molten_gateway, layout_basic,
          shapermc_ecumenical_altar_totnotflames, serial_glass, glass_columns_a,
          glass_columns_b
D:2:      layout_basic

Skill      XL: |  1 |
---------------+----+-----
Stealth        | 1 |  1.7
Fighting       | |  1.0
Dodging        | |  2.0
Unarmed Combat | |  3.3
Spellcasting   | |  2.0
Transmutations | |  2.0

Action                   || total
-------------------------++-------
Melee: Unarmed           ||    15
       Kick              ||     6
       Constrict         ||     5
       Tentacles         ||     1
 Cast: Beastly Appendage ||     6
 Stab: Sleeping          ||     3
Dodge: Dodged            ||     9

Table legend: (Time is in decaauts)
 A = Elapsed time spent in this place.
 B = Non-inter-level travel time spent in this place.
 C = Inter-level travel time spent in this place.
 D = Time resting spent in this place.
 E = Time spent auto-exploring this place.
 F = Levels seen in this place.
 G = Mean time per level.
                   A        B        C        D        E       F      G
               +--------+--------+--------+--------+--------+-----+--------+
         Total |    160 |    160 |      0 |      0 |     72 |   2 |   80.0 |
       Dungeon |    160 |    160 |      0 |      0 |     72 |   2 |   80.0 |
               +--------+--------+--------+--------+--------+-----+--------+

Top non-repeatable levels by time:
     D:1: 115 daAuts
     D:2: 45 daAuts
